AoeStats
← Danigunner

MegaRandom

513304951Analyzed
2v2 RM · 6d ago on Oct 13, 2026· 41m 20s· 4 players
Game mode
Random Map
Map size
Medium (4 player)
Population
200
Speed
Normal
Resources
Standard
Victory
Conquest
Starting age
Dark Age
Ending age
Imperial Age
RankedLock teamsTeams togetherTeam positionsShared explorationLock speedFull tech treeHidden civsTurbo modeCheats
Victory
Defeat
🇬🇧 Romans · United Kingdom
1004
+12
🇷🇺 Mongols · Russia
972
+13
vs
🇲🇽 Mongols · Mexico
932
-14
🇨🇳 Magyars · China
881
-11
Danigunner
0:29 Loom
13:43 Feudal Age
14:18 Double-Bit Axe
15:51 Gold Mining
16:56 Wheelbarrow
17:00 Town Watch
17:44 Horse Collar
21:19 Stone Mining
23:59 Castle Age
25:37 Hand Cart
26:03 Town Patrol
26:07 Heavy Plow
yahao
0:42 Loom
13:55 Feudal Age
14:22 Double-Bit Axe
14:48 Horse Collar
18:43 Wheelbarrow
22:55 Fletching
26:13 Castle Age
27:10 Medium Warships
27:06 Bodkin Arrow
30:08 Padded Archer Armor
30:46 Bow Saw
32:04 Leather Archer Armor
37:03 Imperial Age
34:38 Heavy Plow
Paddy
6:51 Loom
11:56 Feudal Age
12:30 Double-Bit Axe
13:34 Wheelbarrow
13:14 Horse Collar
13:59 Gold Mining
14:12 Fishing Lines
16:55 Town Watch
19:25 Castle Age
19:13 Stone Mining
20:21 Hand Cart
20:25 Town Watch
22:54 Bow Saw
22:47 Gillnets
23:44 Medium Warships
26:06 Fletching
31:51 Gold Shaft Mining
32:46 Bodkin Arrow
33:17 Ballistics
33:09 Murder Holes
34:37 Scale Mail Armor
34:48 Forging
34:54 Squires
34:34 Man-at-Arms
35:19 Long Swordsman
36:17 Heavy Plow
36:56 Masonry
38:56 Chain Mail Armor
39:23 Iron Casting
40:01 Guard Tower
40:53 Padded Archer Armor
40:58 Scale Barding Armor
41:54 Town Patrol
sssrwmi
0:30 Loom
13:08 Feudal Age
13:46 Double-Bit Axe
14:12 Fishing Lines
16:34 Stone Mining
18:35 Gold Mining
23:00 Castle Age
24:28 Gold Shaft Mining
24:31 Bow Saw
24:52 Gillnets
26:16 Medium Warships
28:14 Fletching
28:24 Padded Archer Armor
28:25 Scale Mail Armor
30:07 Wheelbarrow
32:49 Leather Archer Armor
32:49 Forging
34:05 Hand Cart
33:36 Town Watch
37:22 Chain Mail Armor
37:42 Iron Casting
37:04 Bodkin Arrow
38:26 Pikeman
39:06 Squires
38:52 Arson
40:10 Stone Shaft Mining
Connection lost

Rejoining the realm…

Still unreachable

The connection could not be restored.

Session expired

The server has moved on; the page needs a fresh start.